 Dungeon Crawl Stone Soup version 0.18-a0-971-g0af6217 (webtiles) character file.

263 homeworkjunkie the Shield-Bearer (level 6, -5/53 HPs)
             Began as a Hill Orc Fighter on Jan 2, 2016.
             Slain by a gnoll
             ... wielding a +1 whip of electrocution
              (17 damage)
             ... on level 4 of the Dungeon.
             The game lasted 00:02:41 (894 turns).

homeworkjunkie the Shield-Bearer (Hill Orc Fighter)  Turns: 894, Time: 00:02:42

Health: -5/53      AC: 13    Str: 21    XL:     6   Next: 19%
Magic:  6/6        EV:  6    Int:  8    God:
Gold:   55         SH: 11    Dex: 14    Spells: 0 memorised, 5 levels left

rFire  . . .     SeeInvis .     a - +0 war axe
rCold  . . .     Gourm    .     l - +0 chain mail
rNeg   . . .     Faith    +     c - +1 shield
rPois  .         Spirit   .     (no helmet)
rElec  .         Dismiss  .     (no cloak)
rCorr  .         Reflect  .     o - +0 pair of gloves
SustAt .         Harm     .     q - +2 pair of boots
MR     .....                    k - amulet of faith
Stlth  ..........               (no ring)
                                h - +4 ring of dexterity

@: not resistant to hostile enchantments, extremely unstealthy
A: no striking features
a: no special abilities


You were on level 4 of the Dungeon.
You were not hungry.

You visited 1 branch of the dungeon, and saw 4 of its levels.

You collected 55 gold pieces.

Inventory:

Hand Weapons
 a - a +0 war axe (weapon)
Armour
 c - a +1 shield (worn)
 l - a +0 chain mail (worn)
 o - a +0 pair of gloves (worn)
 q - a +2 pair of boots (worn)
Jewellery
 h - a +4 ring of dexterity (left hand)
 k - an amulet of faith (around neck)
Scrolls
 i - a scroll of identify
 j - 3 scrolls of amnesia {unknown}
Potions
 e - a potion of cure mutation
 g - a potion of curing
 m - a potion of haste {unknown}
 n - a potion of brilliance {unknown}
 p - a potion of mutation {unknown}
Comestibles
 b - a beef jerky
 f - a bread ration


   Skills:
 * Level 4.7 Fighting
 * Level 4.2 Axes
 * Level 4.1 Armour
 + Level 1.3 Dodging
 * Level 5.2 Shields


You had 5 spell levels left.
You didn't know any spells.

Dungeon Overview and Level Annotations

Branches:
Dungeon (4/15)
 Temple: D:4-7

Altars:
Qazlal


Message History

The gnoll is lightly wounded.
The gnoll hits you. The gnoll shaman barely misses you. The gnoll hits you.
* * * LOW HITPOINT WARNING * * *
You block the gnoll shaman's attack.
Drink which item? (? for menu, Esc to quit)
You feel better. The gnoll hits you but does no damage. The gnoll hits you.
The gnoll shaman barely misses you.
You slash the gnoll shaman!
You kill the gnoll shaman!
You barely miss the gnoll.
The gnoll is lightly wounded.
The gnoll throws a throwing net.
You block the throwing net. The gnoll hits you but does no damage.
You closely miss the gnoll.
The gnoll is lightly wounded.
The gnoll hits you.
* * * LOW HITPOINT WARNING * * *
You block the gnoll's attack. The gnoll hits you but does no damage.
You are electrocuted!
You die...

. ##... .. ## ..... ....
## . ..#.###.#..
..#.#......... #
...#..#.#.###.# .. ...
.<...ggg#.#$#.# ...
...#.. #@#.###.#...
....... #.........>
#...... #.#)###.#..#%
...#... #...).†......
.......########.####....
#...............^......
#.#.#...####..####.##
#.(..##.##..........#
#.#..##..#..........#


You could see 3 gnolls.

Vanquished Creatures
  An ogre (D:4)
  A gnoll shaman (D:4)
  A hound (D:4)
  3 worker ants (D:4)
  An adder (D:4)
  3 giant geckos (D:1)
  3 orcs (D:4)
  7 bats
  3 giant cockroaches
  4 goblins
  3 hobgoblins
  3 jackals (D:1)
  A kobold (D:1)
  A quokka (D:2)
  2 giant newts (D:1)
  A rat (D:1)
38 creatures vanquished.

Vanquished Creatures (others)
  A giant cockroach (D:2)
1 creature vanquished.

Grand Total: 39 creatures vanquished

Notes
Turn   | Place    | Note
--------------------------------------------------------------
     0 | D:1      | homeworkjunkie the Hill Orc Fighter began the quest for the Orb.
     0 | D:1      | Reached XP level 1. HP: 19/19 MP: 1/1
    90 | D:1      | Reached XP level 2. HP: 25/27 MP: 2/2
   408 | D:1      | Reached XP level 3. HP: 33/33 MP: 3/3
   687 | D:2      | Found a stormy altar of Qazlal.
   842 | D:4      | Reached skill level 4 in Fighting
   842 | D:4      | Reached XP level 4. HP: 37/40 MP: 4/4
   849 | D:4      | Noticed an ogre
   856 | D:4      | Killed an ogre
   856 | D:4      | Reached skill level 1 in Dodging
   856 | D:4      | Reached XP level 5. HP: 27/47 MP: 5/5
   858 | D:4      | Reached skill level 5 in Shields
   872 | D:4      | Reached XP level 6. HP: 29/53 MP: 6/6
   894 | D:4      | Slain by a gnoll

Vault maps used:
D:1:      nicolae_arrival_washed_ashore, corner_web_ring, minmay_misc_feat_chi,
          hangedman_decor_growths, minmay_statues_item, minmay_misc_feat_x
D:2:      old_standard_altar, fiery_altar_vehumet,
          nicolae_overflow_crystal_walls, first_bread, grunt_qazlal_clouds
D:4:      minmay_surrounded

Action                   |  1- 3 |  4- 6 || total
-------------------------+-------+-------++-------
Melee: War axe           |   115 |    26 ||   141
  Use: Scroll            |     5 |       ||     5
       Potion            |       |     2 ||     2
